 Dungeon Crawl Stone Soup version 0.23.2-30-g0e89c35649 (webtiles) character file.

Game seed: 17649076736572905263

8262 HASTUR3 the Covert (level 11, -2/68 HPs)
             Began as a Vampire Enchanter on June 22, 2019.
             Was a Believer of Kikubaaqudgha.
             Slain by a killer bee (5 damage)
             ... on level 11 of the Dungeon on June 23, 2019.
             The game lasted 01:04:28 (13096 turns).

HASTUR3 the Covert (Vampire Enchanter)             Turns: 13096, Time: 01:04:29

Health: -2/68      AC:  2    Str:  8    XL:     11   Next: 7%
Magic:  15/15      EV: 15    Int: 23    God:    Kikubaaqudgha [**....]
Gold:   485        SH:  0    Dex: 16    Spells: 2/14 levels left

rFire    + . .     SeeInvis +   n - +1 dagger
rCold    + . .     Gourm    .   (no shield)
rNeg     + + .     Faith    .   N - +0 robe "Xoxtujod" {Int+4}
rPois    +         Spirit   .   (no helmet)
rElec    +         Reflect  .   (no cloak)
rCorr    .         Harm     .   (no gloves)
MR       +....                  (no boots)
Stlth    +++++++...             s - amulet of regeneration
HPRegen  0.30/turn              k - ring of protection from fire
MPRegen  0.14/turn              w - +2 ring of evasion

@: regenerating slowly
A: claws 1, fangs 3, see invisible, electricity resistance, unbreathing, subdued
magic 1
a: Bat Form, Receive Corpses, Renounce Religion


You were on level 11 of the Dungeon.
You worshipped Kikubaaqudgha.
Kikubaaqudgha was pleased with you.
You were very thirsty.

You visited 2 branches of the dungeon, and saw 12 of its levels.
You also visited: Ossuary.

You collected 485 gold pieces.

Inventory:

Hand Weapons
 n - a +1 dagger (weapon)
Armour
 a - a +1 leather armour of cold resistance
 N - the +0 robe "Xoxtujod" (worn) {Int+4}
   (You found it on level 9 of the Dungeon)

   It affects your intelligence (+4).
Jewellery
 k - a ring of protection from fire (left claw)
 o - an uncursed ring of fire
 s - an amulet of regeneration (around neck)
 w - a +2 ring of evasion (right claw)
 A - an uncursed ring of ice
 E - an uncursed amulet of the acrobat
Wands
 j - a wand of disintegration (21)
 p - a wand of flame (20)
 u - a wand of polymorph (7)
 y - a wand of scattershot (14)
 z - a wand of clouds (5)
 B - a wand of acid (11)
 C - a wand of iceblast (5)
 I - a wand of random effects (24)
Scrolls
 b - a scroll of blinking {unknown}
 c - 2 scrolls of magic mapping
 e - 9 scrolls of identify
 g - 10 scrolls of teleportation
 i - 7 scrolls of remove curse
 m - a scroll of amnesia
 q - a scroll of fog
 r - a scroll of fear
 t - a scroll of immolation
Potions
 d - a potion of resistance
 f - 4 potions of curing
 h - 2 potions of magic
 l - a potion of agility
 v - 2 potions of blood
 x - 2 potions of haste
 G - a potion of flight


   Skills:
 + Level 4.4 Short Blades
 - Level 2.1 Dodging
 + Level 14.6 Stealth
 - Level 2.0 Spellcasting
 - Level 11.0 Hexes
 - Level 7.0 Necromancy
 - Level 7.2 Ice Magic
 + Level 5.6 Evocations


You had 2 spell levels left.
You knew the following spells:

 Your Spells              Type           Power        Failure   Level  Hunger
a - Corona                Hex            #####..      1%          1    #......
b - Ensorcelled Hibernat  Hex/Ice        ####..       1%          2    ##.....
c - Confuse               Hex            #####...     1%          3    ###....
d - Tukima's Dance        Hex            #####...     1%          3    ###....
e - Animate Skeleton      Necr           N/A          1%          1    #......
f - Sublimation of Blood  Necr           ####......   1%          2    ##.....

Your spell library contained the following spells:

 Spells                   Type           Power        Failure   Level  Hunger
 Pain                     Necr           ####         1%          1    #......
 Dazzling Spray           Conj/Hex       ###...       3%          3    ###....
 Regeneration             Chrm/Necr      ##........   7%          3    ###....


Dungeon Overview and Level Annotations

Branches:
Dungeon (11/15)            Temple (1/1) D:4            Lair (0/6) D:9
    Orc: D:9-12

Altars:
Ashenzari
Cheibriados
Dithmenos
Elyvilon
Fedhas
Gozag
Hepliaklqana
Kikubaaqudgha
Makhleb
Nemelex Xobeh
Okawaru
Qazlal
Ru
Sif Muna
Trog
Uskayaw
Vehumet
Wu Jian
Xom
Yredelemnul
Zin
The Shining One
Beogh

Annotations:
D:8 2 transporters


Innate Abilities, Weirdness & Mutations

You heal slowly.
You have razor-sharp teeth.
You have supernaturally acute eyesight. (SInv)
You can survive without breathing.
You have sharp fingernails.
You are resistant to electric shocks. (rElec)
Your spells are a little easier to cast, but a little less powerful.


Message History

* * * LOW HITPOINT WARNING * * *
The killer bee stings you.
* * * LOW HITPOINT WARNING * * *
The killer bee stings you!
* * * LOW HITPOINT WARNING * * *
You feel better. The killer bee stings you!
* * * LOW HITPOINT WARNING * * *
The killer bee misses you. The killer bee barely misses you.
The killer bee misses you. The killer bee stings you.
* * * LOW HITPOINT WARNING * * *
The killer bee closely misses you. The killer bee barely misses you.
The killer bee closely misses you.
You feel better. The killer bee closely misses you. The killer bee misses you.
The killer bee stings you!
* * * LOW HITPOINT WARNING * * *
The killer bee stings you.
* * * LOW HITPOINT WARNING * * *
The killer bee closely misses you. The killer bee stings you.
You die...
Kikubaaqudgha rasps: "You have failed me!
Welcome... oblivion!"

...# #.....<# ...###### ...#
#......# ...#..... ...#
#......######.....
################.................
.................................
.....####.....#..................
.....# #.....#..................
###..# #.....#.yy....†####......
.....# #.....#.@y...............
.................y...Z.....%.....
#################################


You could see 4 killer bees and a friendly ugly thing skeleton.

Vanquished Creatures
  2 two-headed ogres
  An ugly thing (D:11)
  2 trolls
  A polar bear (D:10)
  4 slime creatures (D:11)
  2 hippogriffs
  A hornet (D:8)
  A centaur simulacrum (D:10)
  4 wraiths (D:11)
  A spriggan (D:8)
  2 wyverns
  Edmund (D:5)
  An acid dragon (D:11)
  2 orc warriors (D:7)
  An ice beast (D:10)
  2 sky beasts
  3 phantoms
  5 ogres
  A necrophage (D:10)
  4 centaurs
  A crocodile (D:11)
  2 bullfrogs
  2 scorpions (D:9)
  2 wights (D:8)
  An electric eel (D:10)
  6 centaur zombies
  A crimson imp (D:9)
  A human zombie (Ossuary)
  2 hounds
  A quasit (D:8)
  A wyvern simulacrum (D:10)
  A jelly (D:9)
  2 orc priests
  3 bullfrog skeletons
  Jessica (D:3)
  2 iguanas
  3 orc wizards
  Natasha (thrice) (D:3)
  6 worker ants
  A bullfrog simulacrum (D:10)
  A hound zombie (D:8)
  3 mummies (Ossuary)
  3 gnolls (D:7)
  7 adders
  4 shadow imps
  2 white imps (D:10)
  A worker ant simulacrum (D:10)
  An ufetubus (D:10)
  An ooze (D:5)
  3 adder skeletons
  3 worms
  A dart slug (D:2)
  4 leopard geckos
  30 orcs
  4 bats
  3 giant cockroaches
  3 goblins
  A hobgoblin (D:3)
  8 jackals
  5 quokkas
  A ball python (D:1)
  2 frilled lizards
  A gnoll zombie (Ossuary)
  A goblin zombie (Ossuary)
  A hobgoblin zombie (Ossuary)
  6 kobolds
  A leopard gecko skeleton (D:5)
  An orc zombie (Ossuary)
  2 quokka skeletons
  5 rats
192 creatures vanquished.

Vanquished Creatures (collateral kills)
  A centaur (D:9)
  A wight (D:8)
  A quasit (D:9)
  A hound (D:9)
  An adder (D:9)
  An orc (D:8)
6 creatures vanquished.

Vanquished Creatures (others)
  2 dancing weapons
2 creatures vanquished.

Grand Total: 200 creatures vanquished

Notes
Turn   | Place    | Note
-------+----------+-------------------------------------------
     0 | D:1      | HASTUR3 the Vampire Enchanter began the quest for the Orb.
     0 | D:1      | Reached XP level 1. HP: 13/13 MP: 3/3
   131 | D:1      | Reached XP level 2. HP: 13/19 MP: 0/5
   230 | D:1      | Reached skill level 5 in Stealth
   379 | D:1      | Learned a level 2 spell: Ensorcelled Hibernation
   679 | D:1      | Reached skill level 5 in Hexes
   982 | D:2      | Reached skill level 1 in Ice Magic
   989 | D:2      | Reached XP level 3. HP: 24/24 MP: 3/6
  1334 | D:2      | Found a bloodstained altar of Trog.
  1871 | D:3      | Reached XP level 4. HP: 30/30 MP: 4/7
  1876 | D:3      | Learned a level 3 spell: Confuse
  1907 | D:3      | Noticed Natasha
  1914 | D:3      | Killed Natasha
  2103 | D:3      | Noticed Jessica
  2106 | D:3      | Killed Jessica
  2106 | D:3      | Reached skill level 6 in Stealth
  2128 | D:3      | Noticed Natasha
  2133 | D:3      | Killed Natasha
  2133 | D:3      | Reached XP level 5. HP: 35/35 MP: 8/8
  2337 | D:3      | Noticed Natasha
  2341 | D:3      | Killed Natasha
  2694 | D:4      | Found a staircase to the Ecumenical Temple.
  2705 | Temple   | Entered the Ecumenical Temple
  2815 | Temple   | Became a worshipper of Kikubaaqudgha
  2876 | D:4      | Reached skill level 7 in Stealth
  3010 | D:4      | Noticed a hippogriff
  3021 | D:4      | Killed a hippogriff
  3021 | D:4      | Reached skill level 8 in Stealth
  3021 | D:4      | Reached XP level 6. HP: 30/41 MP: 0/9
  3322 | D:4      | Reached skill level 9 in Stealth
  3322 | D:4      | Reached skill level 5 in Ice Magic
  3322 | D:4      | Reached XP level 7. HP: 46/46 MP: 0/10
  3327 | D:4      | Learned a level 3 spell: Tukima's Dance
  3360 | D:4      | Found a shadowy altar of Dithmenos.
  3733 | D:5      | Entered Level 5 of the Dungeon
  3744 | D:5      | Reached skill level 1 in Necromancy
  4116 | D:5      | Noticed Edmund
  4128 | D:5      | Killed Edmund
  4332 | D:5      | Found a sparkling altar of Nemelex Xobeh.
  4506 | D:5      | Reached XP level 8. HP: 52/52 MP: 11/11
  4804 | D:6      | Found a sand-covered staircase.
  4809 | Ossuary  | Entered an ossuary
  4848 | Ossuary  | Reached skill level 10 in Stealth
  4919 | Ossuary  | Reached * piety under Kikubaaqudgha
  4919 | Ossuary  | Identified Kikubaaqudgha's Incunabulum of Black Secrets
                  | (Kikubaaqudgha gifted it to you in an ossuary)
  4919 | Ossuary  | Received a gift from Kikubaaqudgha
  4923 | Ossuary  | Learned a level 1 spell: Animate Skeleton
  6020 | D:7      | Reached skill level 5 in Necromancy
  6967 | D:7      | Found a glowing silver altar of Zin.
  6967 | D:7      | Noticed an angel
  7136 | D:8      | Noticed a hippogriff
  7154 | D:8      | HP: 1/52 [hippogriff (6)]
  7776 | D:8      | Identified the cursed +0 flail of Baarph {venom, rF+}
  8100 | D:8      | Killed a hippogriff
  8100 | D:8      | Reached XP level 9. HP: 16/57 MP: 1/12
  8458 | D:8      | Found a transporter.
  8510 | D:8      | Found a transporter.
  8511 | D:8      | Noticed a cyclops
  8512 | D:8      | Found a roughly hewn altar of Beogh.
  8632 | D:8      | Reached skill level 11 in Stealth
  9299 | D:8      | Learned a level 2 spell: Sublimation of Blood
  9434 | D:9      | Got a heavy robe
  9435 | D:9      | Identified the cursed +0 robe "Xoxtujod" {Int+4} (You found
                  | it on level 9 of the Dungeon)
  9472 | D:8      | Gained mutation: Your muscles are strong. (Str +2) [potion
                  | of mutation]
  9472 | D:8      | Gained mutation: You are clumsy. (Dex -2) [potion of
                  | mutation]
  9472 | D:8      | Gained mutation: You are resistant to electric shocks.
                  | (rElec) [potion of mutation]
  9472 | D:8      | Gained mutation: You have a pair of small horns on your
                  | head. [potion of mutation]
  9473 | D:8      | Lost mutation: Your muscles are strong. (Str +2) [potion of
                  | mutation]
  9473 | D:8      | Lost mutation: You are clumsy. (Dex -2) [potion of
                  | mutation]
  9473 | D:8      | Lost mutation: You have a pair of small horns on your head.
                  | [potion of mutation]
  9473 | D:8      | Gained mutation: Your spells are a little easier to cast,
                  | but a little less powerful. [potion of mutation]
  9473 | D:8      | Gained mutation: You have sharp fingernails. [potion of
                  | mutation]
  9584 | D:9      | Found a staircase to the Lair.
  9591 | D:9      | Noticed a troll
  9598 | D:9      | Killed a troll
  9598 | D:9      | Reached ** piety under Kikubaaqudgha
  9598 | D:9      | Reached skill level 12 in Stealth
  9615 | D:9      | Found a glowing golden altar of the Shining One.
 10144 | D:9      | Found a stormy altar of Qazlal.
 10216 | D:9      | Reached skill level 10 in Hexes
 10517 | D:10     | Entered Level 10 of the Dungeon
 10518 | D:10     | Noticed a troll
 10539 | D:10     | Reached XP level 10. HP: 17/63 MP: 6/13
 10678 | D:10     | Reached skill level 13 in Stealth
 11017 | D:10     | Noticed a two-headed ogre
 11410 | D:10     | Killed a two-headed ogre
 11696 | D:10     | Found a shimmering altar of Xom.
 12072 | D:11     | Noticed a two-headed ogre
 12075 | D:11     | Killed a two-headed ogre
 12075 | D:11     | Reached skill level 14 in Stealth
 12102 | D:11     | Found the +5 scythe "Finisher" {speed, eviscerate}
 12145 | D:11     | Reached skill level 5 in Evocations
 12860 | D:11     | Reached XP level 11. HP: 45/68 MP: 1/15
 12995 | D:11     | Noticed a brown ugly thing
 13047 | D:11     | Killed a brown ugly thing
 13095 | D:11     | HP: 3/68 [killer bee (5)]
 13096 | D:11     | Slain by a killer bee

Skill      XL: |  1  2  3  4  5  6  7  8  9 10 |
---------------+-------------------------------+-----
Stealth        | 5 6 8 9 10 12 14 | 14.6
Hexes          | 5 6 7 10 11 | 11.0
Ice Magic      | 1 2 3 4 5 7 |  7.2
Necromancy     | 3 5 7 |  7.0
Evocations     | 5 |  5.6
Short Blades   | 4 |  4.4
Dodging        | |  2.1
Spellcasting   | |  2.0

Action                   |  1- 3 |  4- 6 |  7- 9 | 10-12 || total
-------------------------+-------+-------+-------+-------++-------
Melee: Dagger            |    53 |    29 |   264 |   111 ||   457
       Bite              |     5 |     6 |    17 |    14 ||    42
 Cast: Corona            |    11 |     3 |     2 |       ||    16
       Ensorcelled Hiber |    12 |    13 |    61 |    30 ||   116
       Confuse           |       |     1 |    40 |    28 ||    69
       Tukima's Dance    |       |       |     6 |     7 ||    13
       Animate Skeleton  |       |       |     7 |    11 ||    18
       Sublimation of Bl |       |       |       |     2 ||     2
Invok: Receive Corpses   |       |       |     1 |       ||     1
 Abil: Bat Form          |       |       |     1 |     3 ||     4
       End Transformatio |       |       |     1 |     2 ||     3
  Use: Scroll            |       |     3 |    11 |     1 ||    15
       Potion            |       |     2 |    28 |    13 ||    43
 Stab: Sleeping          |    22 |    14 |    75 |    26 ||   137
       Distracted        |     1 |     1 |     2 |     2 ||     6
       Confused          |       |     2 |    19 |    19 ||    40
  Eat: Corpse            |       |       |     1 |       ||     1
Armor: Robe              |     4 |       |    13 |       ||    17
       Leather armour    |       |       |       |     5 ||     5
Dodge: Dodged            |    18 |    24 |   175 |    93 ||   310
